 Dungeon Crawl Stone Soup version 0.26.0-16-gc1dbca0489 (webtiles) character file.

Game seed: 7885445640241956347

1307 kaeus the Covert (level 8, -6/57 HPs)
             Began as an Octopode Berserker on Jan 20, 2021.
             Was an Elder of Trog.
             Mangled by a yak (8 damage)
             ... on level 4 of the Dungeon.
             The game lasted 00:11:33 (5480 turns).

kaeus the Covert (Octopode Berserker)               Turns: 5480, Time: 00:11:34

Health: -6/57      AC:  1    Str: 16    XL:     8   Next: 57%
Magic:  8/8        EV: 14    Int:  9    God:    Trog [****..]
Gold:   215        SH:  0    Dex: 14    Spells: 7/7 levels left

rFire    . . .     SeeInvis .   s - +1 dagger (distort)
rCold    . . .     Faith    .   (no shield)
rNeg     . . .     Spirit   .   (helmet restricted)
rPois    .         Reflect  .   d - amulet of magic regeneration
rElec    .         Harm     .   e - +4 ring of slaying
rCorr    .         Rampage  .   (no ring)
Will     .....                  (no ring)
Stlth    +++++.....             (no ring)
HPRegen  0.19/turn              (no ring)
MPRegen  0.36/turn              (no ring)
                                (no ring)
                                (no ring)

@: flying
A: almost no armour, stealthy swim, amphibious, 8 rings, constrict 8, camouflage
1, gelatinous body 1
a: Renounce Religion, Berserk, Trog's Hand, Brothers in Arms


You were on level 4 of the Dungeon.
You worshipped Trog.
Trog was greatly pleased with you.
You visited 1 branch of the dungeon, and saw 5 of its levels.
You also visited: Sewer.

You collected 215 gold pieces.

Inventory:

Hand Weapons
 n - a +2 dagger of freezing
 s - a +1 dagger of distortion (weapon)
 u - a +2 dagger of protection
Jewellery
 d - an amulet of magic regeneration (around mantle)
 e - a +4 ring of slaying (left tentacle)
Wands
 o - a wand of disintegration (9)
 r - a wand of acid (6)
Scrolls
 a - a scroll of random uselessness {unknown}
 b - 4 scrolls of identify
 c - a scroll of immolation {unknown}
 f - 2 scrolls of amnesia
 g - 2 scrolls of remove curse {unknown}
 i - a scroll of magic mapping {unknown}
 l - a scroll of fear {unknown}
 p - 5 scrolls of fog {unknown}
Potions
 h - 5 potions of flight
 j - a potion of curing {unknown}
 k - 2 potions of haste {unknown}
 m - 2 potions of heal wounds {unknown}
 q - 3 potions of might {unknown}
 t - 2 potions of attraction {unknown}


   Skills:
 + Level 5.8 Fighting
 + Level 5.9 Short Blades
 - Level 3.1 Dodging
 * Level 9.9 Stealth


You had 7 spell levels left.
You didn't know any spells.
Your spell library was empty.

Dungeon Overview and Level Annotations

Branches:
Dungeon (5/15)              Sewer (visited)
 Temple: D:4-7

Altars:
Ashenzari
Cheibriados
Ru
Uskayaw
Xom

Annotations:
Abyss:1 Natasha


Innate Abilities, Weirdness & Mutations

You cannot wear most types of armour.
You are very stealthy in the water. (Stealth+)
You are amphibious.
You can wear up to eight rings at the same time.
You can use your tentacles to constrict eight enemies at once.
Your skin changes colour to match your surroundings (Stealth+).
Your rubbery body absorbs attacks. (AC +1, EV +1)


Message History

The adder bites you. The yak gores you!!
You hit the adder.
You kill the adder!
Trog accepts your kill. The yak closely misses you. The yak barely misses you.
There is a stone staircase leading up here.
The yak misses you. The yak gores you. The adder closely misses you.
You climb upwards.
There is a stone staircase leading down here.
You closely miss the adder. Your grab misses the adder.
The adder is moderately wounded.
The yak gores you!
* * * LOW HITPOINT WARNING * * *
The yak barely misses you. The adder bites you.
* * * LOW HITPOINT WARNING * * *
It was a potion of flight.
You feel very buoyant.
You fly up into the air.
The yak gores you!
You die...

######## .......# ######.#
#.# #.#
######.##############
.......[............#
######.############.########
...............Y@Y.........#
######.#.#.#####S##.######.#
# #.#<......#Y##.# #.#
######.#.......#.##.# #.#
.............###.##.# #.#
######..............# #.#
#####.#.###.#########.# #
#.#.# #...†.......# ###
#.#.# #############


You could see 3 yaks and an adder.

Vanquished Creatures
  Grinder (Sewer)
  Menkaure (D:4)
  Duvessa (D:4)
  A necrophage (Sewer)
  2 big kobolds (Sewer)
  Dowan (D:4)
  A scorpion (D:4)
  An orc priest (D:3)
  3 orc wizards
  An iguana (D:4)
  Natasha (D:4)
  3 big kobold zombies (Sewer)
  3 gnolls (D:4)
  8 adders
  6 shadow imps (Sewer)
  An ufetubus (Sewer)
  3 oozes
  3 worms
  14 orcs
  3 ball pythons
  6 giant cockroaches
  4 goblins
  14 hobgoblins
  10 jackals
  3 quokkas
  5 bats
  5 frilled lizards
  15 kobolds
  4 kobold zombies (Sewer)
  A leopard gecko skeleton (D:4)
  7 rats
132 creatures vanquished.

Notes
Turn   | Place    | Note
-------+----------+-------------------------------------------
     0 | D:1      | kaeus the Octopode Berserker began the quest for the Orb.
     0 | D:1      | Reached XP level 1. HP: 16/16 MP: 1/1
   419 | D:1      | Reached skill level 1 in Stealth
   419 | D:1      | Reached XP level 2. HP: 21/21 MP: 2/2
  1172 | D:2      | Reached skill level 2 in Stealth
  1172 | D:2      | Reached XP level 3. HP: 16/26 MP: 3/3
  1789 | D:2      | Reached skill level 3 in Stealth
  1842 | D:2      | Reached ** piety under Trog
  1843 | D:2      | Reached XP level 4. HP: 31/31 MP: 4/4
  2257 | D:3      | Found a shimmering altar of Xom.
  2257 | D:3      | Found a broken altar of Ashenzari.
  2257 | D:3      | Found a snail-covered altar of Cheibriados.
  2563 | D:3      | Found a hide-covered altar of Uskayaw.
  2734 | D:3      | Reached skill level 4 in Stealth
  2734 | D:3      | Reached XP level 5. HP: 34/37 MP: 5/5
  3477 | D:4      | Reached skill level 5 in Stealth
  3483 | D:4      | Noticed Natasha
  3539 | D:4      | Reached XP level 6. HP: 30/43 MP: 6/6
  3651 | D:4      | Reached *** piety under Trog
  3666 | D:4      | Found a glowing drain.
  3688 | D:4      | Noticed Menkaure
  3704 | D:4      | Killed Menkaure
  3705 | D:4      | Reached skill level 6 in Stealth
  3708 | Sewer    | Entered a sewer
  3927 | Sewer    | Reached XP level 7. HP: 29/49 MP: 7/7
  4096 | Sewer    | Reached skill level 7 in Stealth
  4177 | Sewer    | Found an ancient bone altar of Kikubaaqudgha.
  4234 | Sewer    | Reached skill level 5 in Short Blades
  4532 | Sewer    | Reached skill level 5 in Fighting
  4532 | Sewer    | Reached skill level 8 in Stealth
  4560 | Sewer    | Noticed Grinder
  4565 | Sewer    | Reached **** piety under Trog
  4576 | Sewer    | Killed Grinder
  4577 | Sewer    | Reached skill level 9 in Stealth
  4577 | Sewer    | Reached XP level 8. HP: 21/56 MP: 8/8
  4852 | D:4      | Killed Natasha
  4859 | D:4      | Found a sacrificial altar of Ru.
  4927 | D:4      | Noticed Natasha
  4934 | D:4      | Banished Natasha
  5156 | D:4      | Noticed Duvessa
  5160 | D:4      | Noticed Dowan
  5166 | D:4      | Killed Duvessa
  5169 | D:4      | Killed Dowan
  5466 | D:5      | Entered Level 5 of the Dungeon
  5466 | D:5      | Noticed a yak
  5466 | D:5      | Noticed a yak
  5466 | D:5      | Noticed a yak
  5466 | D:5      | Noticed a yak
  5479 | D:4      | HP: 2/57 [adder (4)]
  5480 | D:4      | Mangled by a yak

Illustrated notes

Levels and vault maps discovered:
D:1:      mrwooster_arrival_statue, layout_loops_corners, hex_large,
          minmay_misc_feat_enclosed
D:2:      layout_loops_ring
D:3:      layout_basic, chequers_temple_overflow_statue_of_worship
D:4:      layout_basic, lemuel_coloured_pillars_altar, gup_sewer_entry_glass,
          uniq_menkaure, uniq_duvessa, uniq_natasha
D:5:      layout_gridville

Skill      XL: |  1  2  3  4  5  6  7 |
---------------+----------------------+-----
Stealth        | 1 2 3 4 5 6 9 |  9.9
Short Blades   | 4 5 |  5.9
Fighting       | 4 5 |  5.8
Dodging        | |  3.1

Action                   |  1- 3 |  4- 6 |  7- 9 || total
-------------------------+-------+-------+-------++-------
Melee: Dagger            |    50 |    88 |   127 ||   265
       Short sword       |     6 |       |       ||     6
       Constrict         |    17 |    20 |    35 ||    72
       Tentacles         |    10 |    21 |    27 ||    58
  Use: Scroll            |       |     2 |       ||     2
       Potion            |       |       |     1 ||     1
 Stab: Sleeping          |     7 |    12 |     4 ||    23
       Distracted        |       |     1 |       ||     1
Armor: Skin              |     6 |     3 |     3 ||    12
Dodge: Dodged            |    27 |    33 |    59 ||   119
